AoeStats
← 极地沙尘暴

Golden Pit

507460551Analyzed
1v1 RM · 14d ago on Sep 18, 2026· 53m 4s· 2 players
Game mode
Random Map
Map size
Tiny (2 player)
Population
200
Speed
Normal
Resources
Standard
Victory
Conquest
Starting age
Dark Age
Ending age
Imperial Age
RankedLock teamsTeams togetherTeam positionsShared explorationLock speedFull tech treeHidden civsTurbo modeCheats
Victory
Defeat
🇮🇱 Vietnamese · Israel
1543
+13
🇨🇳 Khitans · China
1486
-13
deni_tree
7:35 Loom
10:04 Feudal Age
10:36 Man-at-Arms
11:39 Double-Bit Axe
15:24 Wheelbarrow
15:19 Fletching
15:52 Horse Collar
20:42 Castle Age
19:35 Gold Mining
20:56 Crossbowman
21:39 Bodkin Arrow
21:58 Bow Saw
22:44 Hand Cart
24:00 Heavy Plow
24:26 Stone Mining
28:46 Bloodlines
29:23 Husbandry
30:06 Ballistics
38:22 Imperial Age
37:31 Stone Shaft Mining
37:52 Padded Archer Armor
38:20 Chatras
38:28 Scale Barding Armor
39:12 Bracer
39:40 Chain Barding Armor
40:40 Chemistry
41:03 Plate Barding Armor
43:25 Siege Engineers
44:11 Forging
44:41 Elite Battle Elephant
47:04 Iron Casting
47:54 Elite Rattan Archer
极地沙尘暴
7:12 Loom
9:48 Feudal Age
11:50 Double-Bit Axe
12:25 Domestication
23:53 Castle Age
21:56 Gold Mining
22:39 Scale Barding Armor
25:02 Chain Barding Armor
24:52 Forging
27:09 Wheelbarrow
26:48 Bow Saw
27:07 Husbandry
28:16 Iron Casting
27:46 Pastoralism
29:59 Hand Cart
32:29 Stone Mining
33:56 Elite Skirmisher
37:08 Imperial Age
34:38 Fletching
36:04 Bodkin Arrow
36:42 Ballistics
36:45 Light Cavalry
38:29 Conscription
38:23 Padded Archer Armor
39:16 Bracer
41:13 Leather Archer Armor
41:24 Pikeman
42:05 Squires
43:37 Scale Mail Armor
44:07 Ring Archer Armor
48:40 Chain Mail Armor
49:00 Plate Barding Armor
Connection lost

Rejoining the realm…

Still unreachable

The connection could not be restored.

Session expired

The server has moved on; the page needs a fresh start.